 Dungeon Crawl Stone Soup version 0.23.1 (webtiles) character file.

Game seed: 1393401197605681748

243 Fang the Skirmisher (level 6, -1/39 HPs)
             Began as a Gargoyle Berserker on Mar 5, 2019.
             Was a Believer of Trog.
             Slain by Eustachio
             ... wielding a +0 rapier
              (2 damage)
             ... on level 4 of the Dungeon.
             The game lasted 00:04:04 (2461 turns).

Fang the Skirmisher (Gargoyle Berserker)            Turns: 2461, Time: 00:04:04

Health: -1/39      AC: 13    Str: 23      XL:     6   Next: 9%
Magic:  6/6        EV:  8    Int:  7      God:    Trog [**....]
Gold:   175        SH:  0    Dex:  5 (9)  Spells: 5/5 levels left

rFire    . . .     SeeInvis .   a - +0 hand axe
rCold    . . .     Gourm    .   (no shield)
rNeg     + . .     Faith    .   j - +0 chain mail
rPois    ∞         Spirit   .   (no helmet)
rElec    +         Reflect  .   (no cloak)
rCorr    .         Harm     .   (no gloves)
MR       .....                  (no boots)
Stlth    ..........             (no amulet)
HPRegen  0.13/turn              (no ring)
MPRegen  0.10/turn              (no ring)

@: berserk cooldown, slowed, very slow
A: negative energy resistance 1, electricity resistance, unbreathing,
petrification resistance, rot immunity, AC +4
a: Berserk, Trog's Hand, Renounce Religion


You were on level 4 of the Dungeon.
You worshipped Trog.
Trog was pleased with you.
You were very hungry.

You visited 1 branch of the dungeon, and saw 4 of its levels.

You collected 175 gold pieces.

Inventory:

Hand Weapons
 a - a +0 hand axe (weapon)
Armour
 j - a +0 chain mail (worn)
Scrolls
 b - 5 scrolls of identify {unknown}
 f - a scroll of enchant weapon {unknown}
 i - a scroll of remove curse {unknown}
 l - a scroll of enchant armour {unknown}
Potions
 e - a potion of curing
 g - a potion of heal wounds {unknown}
 h - a potion of flight {unknown}
 k - 2 potions of invisibility {unknown}
 m - a potion of degeneration {unknown}
Comestibles
 c - 4 rations
 d - 4 chunks of flesh


   Skills:
 + Level 4.6 Fighting
 + Level 3.8 Axes
 + Level 3.8 Armour
 + Level 2.8 Dodging


You had 5 spell levels left.
You didn't know any spells.
Your spell library was empty.

Dungeon Overview and Level Annotations

Branches:
Dungeon (4/15)
 Temple: D:4-7

Altars:
Trog

Annotations:
D:4 Eustachio


Innate Abilities, Weirdness & Mutations

You are resistant to torment.
Your stone body is resilient. (AC +4)
You are immune to poison.
You resist negative energy. (rN+)
You are resistant to electric shocks. (rElec)
You can survive without breathing.
You are immune to petrification.
You are immune to rotting.


Message History

Eustachio mumbles some strange words.
Eustachio blinks!
Your chain mail prevents you from hitting the bat.
The bat hits you but does no damage. The bat barely misses you.
The bat barely misses you.
Eustachio gestures wildly while chanting.
Eustachio barely misses you.
You closely miss Eustachio.
Eustachio is lightly wounded.
You hit the river rat. You hit the bat. You barely miss the quokka.
The bat hits you but does no damage. The quokka closely misses you.
Eustachio hits you but does no damage. The river rat bites you.
* * * LOW HITPOINT WARNING * * *
The quokka barely misses you.
You barely miss Eustachio.
Eustachio is lightly wounded.
You hit the quokka. You hit the river rat. The bat hits you but does no damage.
The bat barely misses you. Eustachio hits you with a +0 rapier.
You die...

.#...###.......
.#.#.##........
.#............. ..###.#
....###.#...... ......#
....## #....... .......
.....###.......###
....... ...........#
##..##...... ...........#
#...rr......
...........###.b@@..#..
...#...........##r.##
.####..........##...#
#...............##......#
#..........#...####.#...#
##........##...# .##..#
#............## .) ..#
##......##...# #.. ##
#.....####### ...


You could see Eustachio, 2 river rats, a quokka and a bat.

Vanquished Creatures
  A howler monkey (D:4)
  A hound (D:3)
  2 worker ants (D:4)
  4 gnolls (D:3)
  An adder (D:3)
  An ooze (D:1)
  An adder skeleton (D:4)
  4 worms
  4 leopard geckos
  2 orcs (D:3)
  4 giant cockroaches
  3 goblins
  5 hobgoblins
  6 jackals (D:1)
  2 kobolds (D:1)
  7 bats
  7 frilled lizards
  12 rats
67 creatures vanquished.

Notes
Turn   | Place    | Note
-------+----------+-------------------------------------------
     0 | D:1      | Fang the Gargoyle Berserker began the quest for the Orb.
     0 | D:1      | Reached XP level 1. HP: 14/14 MP: 1/1
    48 | D:1      | Reached XP level 2. HP: 14/19 MP: 2/2
   485 | D:1      | Reached XP level 3. HP: 19/23 MP: 3/3
   593 | D:1      | Reached ** piety under Trog
  1231 | D:2      | Noticed a moth of wrath
  1234 | D:2      | Found a bloodstained altar of Trog.
  1247 | D:2      | Reached XP level 4. HP: 21/29 MP: 4/4
  1460 | D:2      | Found a faded altar of an unknown god.
  1849 | D:3      | Reached skill level 4 in Fighting
  2010 | D:3      | Reached XP level 5. HP: 31/33 MP: 5/5
  2405 | D:4      | Noticed Eustachio
  2427 | D:4      | Reached XP level 6. HP: 14/39 MP: 6/6
  2447 | D:4      | HP: 2/58 [ufetubus[Eustachio] (3)]
  2460 | D:4      | HP: 1/39 [river rat[Eustachio] (2)]
  2461 | D:4      | Slain by Eustachio

Skill      XL: |  1  2  3  4 |
---------------+-------------+-----
Axes           | 3 |  3.8
Dodging        | 2 |  2.8
Armour         | 3 |  3.8
Fighting       | 4 |  4.6

Action                   |  1- 3 |  4- 6 || total
-------------------------+-------+-------++-------
Melee: Hand axe          |   122 |   137 ||   259
Invok: Berserk           |     1 |     2 ||     3
  Use: Potion            |       |     1 ||     1
  Eat: Chunk             |     1 |     6 ||     7
Armor: Animal skin       |    39 |       ||    39
       Chain mail        |    45 |   181 ||   226
Dodge: Dodged            |   101 |   150 ||   251
